 Dungeon Crawl Stone Soup version 0.28.0-43-g3370ac3207 (webtiles) character file.

Game seed: 6677138487184216160

679 terff the Slasher (level 7, -5/78 HPs)
             Began as a Demonspawn Gladiator on Mar 30, 2022.
             Slain by a wraith (10 damage)
             ... in an ossuary.
             The game lasted 00:14:31 (4553 turns).

terff the Slasher (Demonspawn Gladiator)            Turns: 4553, Time: 00:14:32

Health: -5/78      AC: 23    Str: 16    XL:     7   Next: 34%
Magic:  7/7        EV:  2    Int:  9    God:
Gold:   170        SH:  0    Dex: 15    Spells: 6/6 levels left

rFire   . . .      SeeInvis .   p - +2 short sword (drain)
rCold   . . .      Faith    .   (no shield)
rNeg    . . .      Spirit   .   (armour currently unavailable)
rPois   +          Reflect  .   (helmet currently unavailable)
rElec   .          Harm     .   (cloak currently unavailable)
rCorr   .          Rampage  .   (gloves currently unavailable)
Will    .....      NoTele   +   (boots currently unavailable)
Stlth   ++........              (no amulet)
HPRegen 0.23/turn               (no ring)
MPRegen 0.10/turn               (no ring)

@: tree-form, hasted and slowed
A: stationary, stasis, torment immunity, boosted hp, (slimy green scales 1),
foul stench 2
a: no special abilities


You were in an ossuary.
You were a tree.
You visited 1 branch of the dungeon, and saw 4 of its levels.
You also visited: Sewer and Ossuary.

You collected 170 gold pieces.

Inventory:

Hand Weapons
 a - a +0 long sword
 p - a +2 short sword of draining (weapon)
Missiles
 d - 4 throwing nets (quivered)
Armour
 b - a +0 chain mail
 c - a +0 helmet (melded)
 e - a +0 cloak (melded)
 r - a +0 ring mail of willpower (melded)
Wands
 i - a wand of flame (11)
Scrolls
 s - 3 scrolls of identify
 u - a scroll of teleportation {unknown}
 v - a scroll of magic mapping {unknown}
Potions
 f - a potion of curing
 g - 2 potions of flight
 j - 2 potions of magic
 k - 2 potions of cancellation
 l - 2 potions of invisibility
 n - a potion of might
 o - 3 potions of mutation
 q - a potion of attraction


   Skills:
 + Level 3.5 Fighting
 + Level 0.7(3.6) Short Blades
 + Level 5.8 Long Blades
 - Level 1.9 Throwing
 + Level 3.1 Armour
 + Level 3.4 Dodging
 + Level 0.9 Stealth


You had 6 spell levels left.
You didn't know any spells.
Your spell library was empty.

Dungeon Overview and Level Annotations

Branches:
Dungeon (4/15)              Sewer (visited)         Ossuary (1/1)
 Temple: D:4-7

Altars:
Kikubaaqudgha


Innate Abilities, Weirdness & Mutations

You are a tree.
Your roots penetrate the ground, keeping you stationary.
You cannot be teleported.
You are immune to unholy pain and torment.
Your maximum health is greatly increased.
Your equipment is partially melded.
((You are partially covered in slimy green scales. (AC +2)))
You sometimes emit foul miasma when damaged in melee.


Message History

The orc skeleton hits you but does no damage.
You turn into a tree.
Your +0 cloak melds into your body.
Your +0 helmet melds into your body.
Your +0 ring mail of willpower melds into your body.
You feel less strong-willed.
Your roots penetrate the ground.
The orc skeleton hits you but does no damage.
The wraith hits you but does no damage.
You hit the wraith but do no damage.
The wraith is heavily damaged.
The orc skeleton hits you but does no damage. x2
The wraith hits you but does no damage.
You puncture the wraith!
The wraith is almost destroyed.
The orc skeleton hits you but does no damage.
The wraith hits you!
* * * LOW HITPOINT WARNING * * *
You emit a cloud of foul miasma!
You hit the wraith but do no damage.
The wraith is almost destroyed.
The orc skeleton hits you but does no damage.
You closely miss the wraith.
The wraith is almost destroyed.
The wraith hits you but does no damage.
The orc skeleton hits you but does no damage. x2
You closely miss the wraith.
The wraith is almost destroyed.
The wraith hits you but does no damage.
The orc skeleton hits you but does no damage. x2
You hit the wraith.
The wraith is almost destroyed.
The wraith hits you but does no damage.
The orc skeleton hits you but does no damage.
You hit the wraith but do no damage.
The wraith is almost destroyed.
The wraith hits you but does no damage.
The orc skeleton hits you but does no damage. x2
You barely miss the wraith.
The wraith is almost destroyed.
The wraith hits you!
You die...

##.. ..##
...#####...
.##...##. .
##.?!?.## . ..
#.!??.!.# ..
...##..?!.##...
#...##...##...#
#...##W##...# . .
#...Z♣....# ...
..#####Z#####....
.................
.................
######'''########
####...####
#..'...'..#
#..#...#..#
####...####


You could see a wraith and 2 orc skeletons.

Vanquished Creatures
  A sky beast (D:3)
  4 kobold brigands (Sewer)
  An iguana (D:4)
  Ijyb (D:3)
  2 mummies
  Robin (D:3)
  4 gnolls (D:3)
  8 adders
  3 worms
  A dart slug (D:1)
  4 orcs (D:3)
  4 ball pythons
  6 endoplasms
  2 giant cockroaches
  9 goblins
  17 hobgoblins
  14 kobolds
  4 quokkas (D:1)
  9 bats
  6 frilled lizards
  3 kobold skeletons (Ossuary)
  8 orc skeletons (Ossuary)
  4 rats
116 creatures vanquished.

Vanquished Creatures (others)
  2 fungi (Sewer)
  A plant (Sewer)
3 creatures vanquished.

Grand Total: 119 creatures vanquished

Notes
Turn   | Place    | Note
-------+----------+-------------------------------------------
     0 | D:1      | terff the Demonspawn Gladiator began the quest for the Orb.
     0 | D:1      | Reached XP level 1. HP: 16/16 MP: 1/1
   349 | D:1      | Gained mutation: You are partially covered in slimy green
                  | scales. (AC +2) [demonic ancestry]
   349 | D:1      | Reached XP level 2. HP: 22/22 MP: 2/2
   430 | D:1      | Reached skill level 3 in Long Blades
   867 | D:1      | Gained mutation: You may rarely emit foul miasma when
                  | damaged in melee. [demonic ancestry]
   867 | D:1      | Reached XP level 3. HP: 27/27 MP: 3/3
   932 | D:1      | Found a faded altar of an unknown god.
  1056 | D:2      | Reached skill level 1 in Armour
  2169 | D:3      | Noticed a sky beast
  2274 | D:3      | Gained mutation: You sometimes emit foul miasma when
                  | damaged in melee. [demonic ancestry]
  2274 | D:3      | Reached XP level 4. HP: 32/34 MP: 4/4
  2276 | D:3      | Found an ancient bone altar of Kikubaaqudgha.
  2303 | D:3      | Killed a sky beast
  2304 | D:3      | Reached skill level 4 in Long Blades
  2304 | D:3      | Reached XP level 5. HP: 31/39 MP: 5/5
  2411 | D:3      | Noticed Robin
  2440 | D:3      | Killed Robin
  2459 | D:3      | Found a glowing drain.
  2543 | Sewer    | Entered a sewer
  2838 | Sewer    | Reached skill level 5 in Long Blades
  2838 | Sewer    | Reached XP level 6. HP: 30/47 MP: 6/6
  3124 | Sewer    | Reached XP level 7. HP: 27/52 MP: 7/7
  3470 | D:3      | Noticed Ijyb
  3485 | D:3      | Killed Ijyb
  4234 | D:4      | Found a sand-covered staircase.
  4250 | Ossuary  | Entered an ossuary
  4250 | Ossuary  | Noticed a wraith
  4250 | Ossuary  | Noticed a wraith
  4250 | Ossuary  | Noticed a wraith
  4503 | Ossuary  | Noticed a wraith
  4553 | Ossuary  | Slain by a wraith

Illustrated notes

Levels and vault maps discovered:
D:1:      giann_wishing_wells, layout_basic, serial_glass, glass_columns_a,
          glass_columns_a, feat_on_display, minmay_strange_pillars,
          feat_on_display, hellmonk_ecumenical_altar_zigzags,
          minmay_pentomino_x4
D:2:      layout_basic
D:3:      layout_rooms, lemuel_doored_altar, gup_sewer_entry_glass, uniq_ijyb,
          uniq_robin
D:4:      layout_rooms, temple_hall, nicolae_ossuary_entry_giza, uniq_edmund
Ossuary:  ossuary_due_mausoleum

Skill      XL: |  1  2  3  4  5  6  7 |
---------------+----------------------+-----
Long Blades    | 3 4 5 |  5.8
Armour         | 1 2 3 |  3.1
Dodging        | 3 |  3.4
Fighting       | 3 |  3.5
Short Blades   | |  0.7
Throwing       | |  1.9
Stealth        | |  0.9

Action                   |  1- 3 |  4- 6 |  7- 9 || total
-------------------------+-------+-------+-------++-------
Melee: Long sword        |   104 |   128 |    21 ||   253
       Punch             |     1 |     4 |     3 ||     8
       Short sword       |       |       |   143 ||   143
  Use: Scroll            |     7 |       |     7 ||    14
       Potion            |       |     2 |     4 ||     6
 Stab: Sleeping          |       |       |     1 ||     1
Armor: Leather armour    |     4 |       |       ||     4
       Chain mail        |    54 |   165 |    28 ||   247
       Ring mail         |       |       |    49 ||    49
       Skin              |       |       |    18 ||    18
Dodge: Dodged            |    36 |    93 |   115 ||   244
